 Dungeon Crawl Stone Soup version 0.16.1-11-g651b585 (webtiles) character file.

623 Shoikan the Basher (level 7, -10/57 HPs)
             Began as a Minotaur Berserker on Mar 31, 2015.
             Was a High Priest of Trog.
             Mangled by an ogre
             ... wielding a +0 giant club
              (21 damage)
             ... on level 4 of the Dungeon.
             The game lasted 00:35:19 (3217 turns).

Shoikan the Basher (Minotaur Berserker)             Turns: 3217, Time: 00:35:19

Health: -10/57     AC:  8    Str: 22    XL:     7   Next: 22%
Magic:  3/3        EV: 10    Int:  6    God:    Trog [*****.]
Gold:   225        SH:  0    Dex:  9    Spells: 0 memorised, 6 levels left

rFire  x . .     SeeInvis .     r - +0 flail
rCold  + . .     Clarity  .     p - +0 scale mail
rNeg   . . .     SustAb   .     (no shield)
rPois  .         Gourm    .     (helmet restricted)
rElec  .         Spirit   .     q - +0 cloak
rCorr  .         Warding  .     f - +0 pair of gloves
rMut   .         Stasis   .     (no boots)
MR     .....                    (no amulet)
Stlth  ..........               (no ring)
                                s - ring of ice

@: not resistant to hostile enchantments, extremely unstealthy
A: retaliatory headbutt, horns 2
a: Burn Spellbooks, Berserk, Trog's Hand, Brothers in Arms, Renounce Religion


You were on level 4 of the Dungeon.
You worshipped Trog.
Trog was extremely pleased with you.
You were hungry.

You visited 2 branches of the dungeon, and saw 5 of its levels.

You collected 235 gold pieces.
You spent 10 gold pieces at shops.

Inventory:

Hand weapons
 a - a +0 whip
 r - a +0 flail (weapon)
 w - a +0 dagger of venom
Armour
 f - a +0 pair of gloves (worn)
 p - a +0 scale mail (worn)
 q - a +0 cloak (worn)
Jewellery
 s - a ring of ice (left hand)
Scrolls
 b - a scroll of noise {unknown}
 d - 3 scrolls of remove curse {unknown}
 e - 5 scrolls of identify
 g - 3 scrolls of teleportation {unknown}
 j - 2 scrolls of enchant weapon {unknown}
 k - 2 scrolls of enchant armour {unknown}
 l - a scroll of blinking {unknown}
 m - a scroll of recharging {unknown}
 y - a scroll of amnesia {unknown}
Potions
 h - a potion of resistance {unknown}
 n - 2 potions of lignification {unknown}
 o - a potion of mutation {unknown}
 u - 2 potions of curing
 x - a potion of magic {unknown}
Comestibles
 c - 5 bread rations
 i - 2 meat rations
 t - 2 fruits
 v - a beef jerky


   Skills:
 * Level 3.6 Fighting
 - Level 10.0 Maces & Flails
 + Level 2.4 Armour
 - Level 2.1 Dodging


You had 6 spell levels left.
You didn't know any spells.

Dungeon Overview and Level Annotations

Branches:
Dungeon (4/15)             Temple (1/1) D:4

Altars:
Ashenzari
Fedhas
Kikubaaqudgha
Makhleb
Nemelex Xobeh
Okawaru
Qazlal
Ru
Sif Muna
Vehumet
Xom
Yredelemnul
Zin

Shops:
D:4 **


Innate Abilities, Weirdness & Mutations

You reflexively headbutt those who attack you in melee.
You have a pair of horns on your head.


Message History

You are lethally poisoned!
You see here a poisoned needle.
* * * LOW HITPOINT WARNING * * *
You feel sick.
You see here 2 stones.
* * * LOW HITPOINT WARNING * * *
You feel sick.
* * * LOW HITPOINT WARNING * * *
You feel sick.
* * * LOW HITPOINT WARNING * * *
You feel sick.
The kobold shoots a poisoned needle.
The poisoned needle hits you!
You are more poisoned.
There is a stone staircase leading up here.
Things that are here:
a poisoned needle; 7 stones You feel better.
The ogre misses you.
You can't go down here!
The rat bites you but does no damage. The ogre hits you with a giant club!!
You die...

≈≈≈≈≈≈≈≈≈≈≈≈≈≈≈≈≈≈≈≈≈.....≈≈≈≈≈≈≈
≈≈≈≈≈≈≈≈≈≈≈≈≈≈≈≈≈≈≈≈≈.....≈≈≈≈≈≈≈
.≈≈.≈.≈≈≈≈....≈≈(.≈≈≈.....≈.≈≈≈.≈
..(..............................
.)..................(.......[....
...####....(...........(......#..
.... .##....(..#(#.#(.#.###.#.#.#
........(....(.r((((((......#...#
............(.KO@(..(............
###.#####.....(.(#..###.###..##.#
## #....((.∩...#...# #......
#..........!#.#.# ##..#.#
#......(..###...# ##.#.#
#...........###.# #.#.#
.######(##.# #.# #)#.# #.##.# #.#
#.#.# #####.# #.# #...#


You could see an ogre, a kobold and a rat.

Vanquished Creatures
  A phantom (D:4)
  3 big kobolds (D:4)
  A hound (D:4)
  2 worker ants (D:4)
  10 gnolls (D:4)
  3 adders
  A giant mite (D:1)
  A worm (D:2)
  2 adder skeletons (D:4)
  A giant gecko (D:2)
  An orc (D:4)
  A ball python (D:1)
  5 bats
  2 giant cockroaches (D:1)
  26 hobgoblins
  9 jackals
  3 kobolds
  4 giant newts
  42 goblins
  6 rats
124 creatures vanquished.

Notes
Turn   | Place    | Note
--------------------------------------------------------------
     0 | D:1      | Shoikan, the Minotaur Berserker, began the quest for the Orb.
     0 | D:1      | Reached XP level 1. HP: 19/19 MP: 1/1
    99 | D:1      | Reached skill level 4 in Maces & Flails
   256 | D:1      | Reached XP level 2. HP: 24/26 MP: 1/1
   810 | D:2      | Reached skill level 5 in Maces & Flails
   823 | D:2      | Acquired Trog's second power
   917 | D:2      | Reached XP level 3. HP: 26/31 MP: 2/2
  1676 | D:3      | Reached XP level 4. HP: 36/39 MP: 2/2
  1684 | D:4      | Found Troklu's General Store.
  1722 | D:4      | Reached skill level 6 in Maces & Flails
  1849 | D:4      | Bought a potion of poison for 10 gold pieces
  1926 | D:4      | Found a basalt altar of Yredelemnul.
  2004 | D:4      | Found a staircase to the Ecumenical Temple.
  2020 | Temple   | Entered the Ecumenical Temple
  2186 | D:4      | Found Yjekiv's Assorted Antiques.
  2219 | D:4      | Reached XP level 5. HP: 42/45 MP: 2/2
  2238 | D:4      | Reached skill level 7 in Maces & Flails
  2343 | D:4      | Noticed a big kobold
  2345 | D:4      | Noticed a big kobold
  2358 | D:4      | Killed a big kobold
  2362 | D:4      | Killed a big kobold
  2362 | D:4      | Reached skill level 8 in Maces & Flails
  2362 | D:4      | Reached XP level 6. HP: 28/51 MP: 3/3
  2385 | D:4      | Noticed a big kobold
  2399 | D:4      | Killed a big kobold
  2605 | D:4      | Reached skill level 9 in Maces & Flails
  2662 | D:4      | Acquired Trog's third power
  2932 | D:4      | Reached XP level 7. HP: 30/57 MP: 3/3
  3178 | D:4      | Reached skill level 10 in Maces & Flails
  3194 | D:4      | Noticed an ogre
  3217 | D:4      | Mangled by an ogre

Action                   |  1- 3 |  4- 6 |  7- 9 || total
-------------------------+-------+-------+-------++-------
Melee: Mace              |    18 |       |       ||    18
       Flail             |    50 |   186 |    29 ||   265
Invok: Berserk           |       |     1 |       ||     1
  Use: Potion            |     1 |       |     1 ||     2
       Scroll            |     1 |       |       ||     1
  Eat: Chunk             |     2 |     5 |     1 ||     8
